 Dungeon Crawl Stone Soup version 0.30-a0-459-g9104f0fc43 (webtiles) character file.

Game seed: 16630708477518009745

2769 jlumianski the Cleaver (level 9, -1/72 HPs)
             Began as a Demonspawn Fighter on Dec 15, 2022.
             Slain by a centaur
             ... wielding a +0 mace
              (8 damage)
             ... on level 6 of the Dungeon.
             The game lasted 00:29:41 (5317 turns).

jlumianski the Cleaver (Demonspawn Fighter)         Turns: 5317, Time: 00:29:41

Health: -1/72      AC: 12    Str: 21    XL:     9   Next: 42%
Magic:  9/9        EV:  8    Int:  9    God:
Gold:   814        SH:  0    Dex: 13    Spells: 8/8 levels left

rFire   . . .      SeeInvis .    l - +8 mithril axe "Arga" {speed, Will+}
rCold   . . .      Faith    .    (no shield)
rNeg    . . .      Spirit   .    k - +0 chain mail
rPois   .          Reflect  .    (no helmet)
rElec   .          Harm     .    e - +1 cloak
rCorr   .          Rampage  .    (no gloves)
Will    +....                    (no boots)
Stlth   ..........               (no amulet)
HPRegen 0.32/turn                (no ring)
MPRegen 0.11/turn                (no ring)

@: invisible
A: ignite blood 1, powered by death 2, demonic touch 2
a: no special abilities


You were on level 6 of the Dungeon.
You visited 1 branch of the dungeon, and saw 9 of its levels.

You collected 1018 gold pieces.
You spent 204 gold pieces at shops.

Inventory:

Hand Weapons
 a - a +1 war axe of electrocution
 l - the +8 mithril axe "Arga" (weapon) {speed, Will+}
   (You acquired it on level 2 of the Dungeon)

   Attacks with this weapon are significantly faster.
   Will:      It increases your willpower.
 p - a +1 whip of freezing
Missiles
 f - 36 stones
 v - 7 boomerangs (quivered)
 y - 10 poisoned darts
Armour
 b - a +0 scale mail
 c - a +0 buckler
 e - a +1 cloak (worn)
 k - a +0 chain mail (worn)
Jewellery
 n - a +6 ring of intelligence
Wands
 w - a wand of digging (2)
 A - a wand of polymorph (11)
 D - a wand of quicksilver (10)
Scrolls
 g - 2 scrolls of immolation
 o - 8 scrolls of teleportation
 s - 2 scrolls of amnesia
 B - 2 scrolls of fear
 C - a scroll of identify
 E - a scroll of blinking
Potions
 d - 2 potions of might
 h - 3 potions of curing
 i - 2 potions of degeneration
 j - 3 potions of lignification
 m - a potion of cancellation
 q - a potion of mutation
 r - a potion of flight
 t - 2 potions of haste
 x - a potion of magic
 z - 3 potions of ambrosia


   Skills:
 * Level 7.1 Fighting
 + Level 8.6 Axes
 + Level 5.8 Armour
 - Level 0.8 Dodging
 - Level 3.7 Shields


You had 8 spell levels left.
You didn't know any spells.
Your spell library contained the following spells:

 Spells                   Type           Power      Damage    Failure   Level
 Summon Small Mammal      Summ           0%         N/A       97%         1
 Blink                    Tloc           0%         N/A       99%         2
 Sublimation of Blood     Necr           0%         N/A       99%         2
 Wereblood                Tmut           0%         N/A       99%         2
 Call Canine Familiar     Summ           0%         N/A       100%        3
 Dazzling Flash           Conj/Hex       0%         N/A       100%        3
 Mephitic Cloud           Conj/Pois/Air  0%         N/A       100%        3
 Summon Guardian Golem    Hex/Summ       0%         N/A       100%        3
 Iskenderun's Mystic Bla  Conj/Tloc      0%         2d3       100%        4
 Manifold Assault         Tloc           0%         N/A       100%        4
 Starburst                Conj/Fire      0%         6d3       100%        6
 Storm Form               Tmut/Air       0%         N/A       100%        7
 Summon Hydra             Summ           0%         N/A       100%        7


Dungeon Overview and Level Annotations

Branches:
Dungeon (9/15)
 Temple: D:4-7         Lair: D:8-11         Orc: D:9-12

Altars:
Cheibriados
Dithmenos
Fedhas
Kikubaaqudgha
Sif Muna

Shops:
D:4 (?!


Innate Abilities, Weirdness & Mutations

Your demonic aura sometimes causes spilled blood to erupt in flames.
You regenerate health from kills.
Your touch may inflict irresistible damage on your foes.


Message History

a +0 leather armour; a +0 hand axe
Things that are here:
a +0 robe; a +0 dagger; an orc corpse
There is a stone staircase leading up here.
You climb upwards.
There is a stone staircase leading down here.
Things that are here:
a +0 ring mail; a +0 flail You see here a +0 ring mail.
You now have 814 gold pieces (gained 9).
Found an escape hatch in the ceiling.
C - a scroll of identify
y - 10 poisoned darts (gained 6)
There is a stone staircase leading down here.
You climb downwards.
There is a stone staircase leading up here.
You climb upwards.
There is a stone staircase leading down here.
Unknown command.
There is a stone staircase leading down here.
A centaur comes into view. It is wielding a +0 mace.
The centaur shouts!
The centaur unwields a +0 mace.
The centaur wields a +0 shortbow.
The centaur shoots an arrow.
The arrow hits you!
The centaur shoots an arrow.
The arrow hits you.
The centaur shoots an arrow.
The arrow hits you!
The centaur shoots an arrow.
The arrow hits you!
The centaur shoots an arrow.
The arrow hits you.
Things that are here:
+0 swamp dragon scales; a +0 glaive The centaur shoots an arrow.
The arrow hits you!
* * * LOW HITPOINT WARNING * * *
The centaur shoots an arrow.
The arrow hits you but does no damage.
The centaur shoots an arrow.
The arrow hits you!
* * * LOW HITPOINT WARNING * * *
You fade into invisibility!
The centaur shoots an arrow.
The arrow closely misses you.
The centaur shoots an arrow.
The centaur unwields a +0 shortbow.
The centaur wields a +0 mace.
The centaur hits you with a +0 mace!
You die...

...# ##..... ...# #..#..
#########.## #..##.
##..........## #..##.
##............###.....
#..............###....
#..............# #....
#.....°.[......# #....
##....@......>..# #....
#.....c.........# #....
#.#..........[..####.#.
##.............#..###.#.
##.......^###...<#.......
##..........##.##..###.#..
#............#.###........
##..^.........#.#
#####.#..
#...............# #....


You could see a centaur (unable to see you).

Vanquished Creatures
  Pikel (D:5)
  Maggie (D:6)
  Grinder (D:4)
  Eustachio (D:4)
  A sky beast (D:6)
  2 black bears
  An orc warrior (D:8)
  An ogre (D:5)
  A phantom (D:6)
  4 lemures (D:5)
  Blork the orc (D:4)
  3 bullfrogs
  2 scorpions (D:5)
  3 wights
  2 howler monkeys (D:5)
  A jelly (D:6)
  3 hounds
  Crazy Yiuf (D:4)
  A gnoll bouda (D:6)
  Ijyb (D:4)
  3 orc wizards
  An iguana (D:4)
  10 adders
  4 gnolls (D:5)
  2 shadow imps
  2 ufetubi
  3 worms
  21 orcs
  10 endoplasms
  3 giant cockroaches
  6 goblins
  5 hobgoblins
  6 jackals
  2 quokkas (D:3)
  4 ball pythons
  4 bats (D:1)
  A frilled lizard (D:2)
  5 kobolds
  4 rats
128 creatures vanquished.

Notes
Turn   | Place    | Note
-------+----------+-------------------------------------------
     0 | D:1      | jlumianski the Demonspawn Fighter began the quest for the
                  | Orb.
     0 | D:1      | Reached XP level 1. HP: 18/18 MP: 1/1
   185 | D:1      | Gained mutation: You regenerate a little health from kills.
                  | [demonic ancestry]
   185 | D:1      | Reached XP level 2. HP: 23/24 MP: 2/2
   240 | D:1      | Reached skill level 2 in Axes
   516 | D:2      | Reached XP level 3. HP: 21/29 MP: 3/3
  1006 | D:2      | Reached skill level 3 in Axes
  1006 | D:2      | Reached XP level 4. HP: 35/35 MP: 4/4
  1053 | D:2      | Found a faded altar of an unknown god.
  1625 | D:2      | Identified a scroll of acquirement
  1627 | D:2      | Acquired the +8 mithril axe "Arga" {speed, Will+}
  1627 | D:2      | Found the +8 mithril axe "Arga" {speed, Will+}
  1665 | D:3      | Noticed a black bear
  1677 | D:3      | Killed a black bear
  1678 | D:3      | Reached XP level 5. HP: 30/42 MP: 5/5
  1809 | D:4      | Found Ribikku's Distillery.
  1832 | D:4      | Bought a potion of curing for 33 gold pieces
  1832 | D:4      | Bought a potion of might for 44 gold pieces
  1832 | D:4      | Bought a potion of invisibility for 88 gold pieces
  2087 | D:5      | Entered Level 5 of the Dungeon
  2098 | D:6      | Noticed Maggie
  2249 | D:4      | Noticed Grinder
  2388 | D:3      | Gained mutation: Your demonic aura sometimes causes spilled
                  | blood to erupt in flames. [demonic ancestry]
  2388 | D:3      | Reached XP level 6. HP: 45/48 MP: 6/6
  2475 | D:3      | Found a blossoming altar of Fedhas.
  2483 | D:3      | Found a snail-covered altar of Cheibriados.
  2923 | D:4      | Found Ossy's Weapon Boutique.
  2933 | D:4      | Reached skill level 4 in Axes
  3112 | D:4      | Noticed Ijyb
  3126 | D:4      | Killed Ijyb
  3278 | D:4      | Found Bueple's Magic Scroll Boutique.
  3281 | D:4      | Bought a scroll of teleportation for 39 gold pieces
  3305 | D:4      | Noticed Blork the orc
  3309 | D:4      | Killed Blork the orc
  3310 | D:4      | Gained mutation: Your touch may inflict minor irresistible
                  | damage on your foes. [demonic ancestry]
  3310 | D:4      | Reached XP level 7. HP: 45/55 MP: 7/7
  3365 | D:4      | Found a runed translucent door.
  3366 | D:4      | Noticed Crazy Yiuf
  3528 | D:4      | Acquired 691 gold pieces
  3613 | D:4      | Reached skill level 5 in Axes
  3615 | D:4      | Paralysed by Grinder for 2 turns
  3621 | D:4      | Killed Grinder
  3827 | D:4      | Killed Crazy Yiuf
  3947 | D:5      | Noticed Eustachio
  3977 | D:4      | Killed Eustachio
  3978 | D:4      | Reached skill level 5 in Fighting
  3978 | D:4      | Reached skill level 6 in Axes
  4005 | D:5      | Found a shadowy altar of Dithmenos.
  4008 | D:5      | Found an ancient bone altar of Kikubaaqudgha.
  4022 | D:5      | Gained mutation: You regenerate health from kills. [demonic
                  | ancestry]
  4022 | D:5      | Reached XP level 8. HP: 57/62 MP: 8/8
  4069 | D:5      | Found a shimmering blue altar of Sif Muna.
  4162 | D:5      | Noticed Pikel
  4182 | D:5      | Killed Pikel
  4183 | D:5      | Reached skill level 7 in Axes
  4183 | D:5      | Reached skill level 5 in Armour
  4735 | D:6      | Killed Maggie
  4736 | D:6      | Reached skill level 8 in Axes
  4736 | D:6      | Gained mutation: Your touch may inflict irresistible damage
                  | on your foes. [demonic ancestry]
  4736 | D:6      | Reached XP level 9. HP: 34/71 MP: 9/9
  4965 | D:6      | Got the Quarto of Hurting and Pollution
  5317 | D:6      | Slain by a centaur

Illustrated notes

Levels and vault maps discovered:
D:1:      saegor_arrival_simple_a, layout_loops_ring, minmay_circled_x
D:2:      layout_basic, dreamdust_ecumenical_altar_statues
D:3:      layout_basic, mainiacjoe_overflow_big_doors, nrook_uturn
D:4:      layout_loops_corners, serial_shops, kennysheep_mini, shop_coins,
          nicolae_diamond_shop, chequers_serial_rivers_micro_e, uniq_grinder,
          uniq_blork_the_orc, uniq_ijyb, uniq_crazy_yiuf_cottage
D:5:      layout_loops_cross, nicolae_overflow_crystal_walls,
          mainiacjoe_overflow_large_starburst, uniq_pikel, uniq_eustachio
D:6:      layout_rooms, minmay_overflow_temple_star_hex, minmay_holes,
          uniq_maggie
D:7:      layout_cave_pools, mainiacjoe_overflow_24_doors,
          minmay_temple_entry_glass, uniq_duvessa, uniq_joseph
D:8:      layout_gridville, lemuel_round_altar, serial_shops,
          nicolae_lakefront_shop, st_stairs_13, minmay_increasing_density,
          uniq_erica, uniq_psyche
D:9:      minmay_curly_fans, layout_loops_corners

Skill      XL: |  1  2  3  4  5  6  7  8  9 |
---------------+----------------------------+-----
Axes           | 2 3 4 6 8 |  8.6
Shields        | 3 |  3.7
Armour         | 3 4 5 |  5.8
Fighting       | 4 5 6 7 |  7.1
Dodging        | |  0.8

Action                   |  1- 3 |  4- 6 |  7- 9 || total
-------------------------+-------+-------+-------++-------
Melee: War axe           |    97 |    19 |       ||   116
       Broad axe         |       |    97 |   126 ||   223
       Touch             |       |       |     4 ||     4
Throw: Stone             |       |     4 |       ||     4
  Use: Potion            |     1 |     3 |     2 ||     6
       Scroll            |       |    14 |     3 ||    17
Armor: Scale mail        |    24 |       |       ||    24
       Chain mail        |    50 |    65 |    69 ||   184
       Skin              |     9 |       |       ||     9
Dodge: Dodged            |    32 |    35 |    42 ||   109
Block: Buckler           |    34 |    16 |    17 ||    67

Table legend: (Time is in decaauts)
 A = Elapsed time spent in this place.
 B = Non-inter-level travel time spent in this place.
 C = Inter-level travel time spent in this place.
 D = Time resting spent in this place.
 E = Time spent auto-exploring this place.
 F = Levels seen in this place.
 G = Mean time per level.
                   A        B        C        D        E       F      G
               +--------+--------+--------+--------+--------+-----+--------+
         Total |   5353 |   5247 |    106 |    163 |   3128 |   9 |  594.8 |
       Dungeon |   5353 |   5247 |    106 |    163 |   3128 |   9 |  594.8 |
               +--------+--------+--------+--------+--------+-----+--------+

Top non-repeatable levels by time:
     D:4: 1258 daAuts
     D:3: 954 daAuts
     D:2: 871 daAuts
     D:5: 848 daAuts
     D:1: 788 daAuts
     D:6: 472 daAuts
     D:8: 79 daAuts
     D:7: 77 daAuts
     D:9: 1 daAuts
